 Dungeon Crawl Stone Soup version 0.18.1-48-g4cf74bf (webtiles) character file.

8605 Gargoyl the Protected (level 11, -4/138 HPs)
             Began as a Demonspawn Abyssal Knight on July 9, 2016.
             Was a High Priest of Lugonu.
             Slain by a white ugly thing (27 damage)
             ... summoned by a boggart
             ... on level 10 of the Dungeon.
             The game lasted 00:22:46 (8849 turns).

Gargoyl the Protected (Demonspawn Abyssal Knight)   Turns: 8849, Time: 00:22:47

Health: -4/138     AC: 23    Str: 21    XL:     11   Next: 12%
Magic:  9/13       EV: 10    Int: 13    God:    Lugonu [*****.]
Gold:   604        SH:  0    Dex: 18    Spells: 0 memorised, 10 levels left

rFire  . . .     SeeInvis .     O - +2 war axe
rCold  . . .     Gourm    .     q - +0 plate armour
rNeg   + . .     Faith    .     (no shield)
rPois  .         Spirit   .     (helmet restricted)
rElec  .         Dismiss  .     b - +0 cloak
rCorr  .         Reflect  .     w - +0 pair of gloves
SustAt .         Harm     .     d - +2 pair of boots
MR     .....                    t - amulet of rage
Stlth  ..........               L - ring of positive energy
                                m - +5 ring of dexterity

@: berserking, very quick, not resistant to hostile enchantments, extremely
unstealthy
A: antennae 1, claws 1, hooves 2, sense surroundings 1, robust 1, shaggy fur 1,
spiny 3, evolution 1, rot immunity, sturdy frame 1
a: Depart the Abyss, Bend Space, Banish, Corrupt, Enter the Abyss, Renounce
Religion, Evoke Berserk Rage


You were on level 10 of the Dungeon.
You worshipped Lugonu.
Lugonu was extremely pleased with you.
You were not hungry.

You visited 1 branch of the dungeon, and saw 10 of its levels.
You visited the Abyss 1 time.

You collected 604 gold pieces.

Inventory:

Hand Weapons
 N - a +1 spear
 O - a +2 war axe (weapon)
Missiles
 F - 9 tomahawks (quivered)
Armour
 b - a +0 cloak (worn)
 d - a +2 pair of boots (worn)
 q - a +0 plate armour (worn)
 w - a +0 pair of gloves (worn)
Jewellery
 i - an uncursed ring of positive energy
 m - a +5 ring of dexterity (left hand)
 n - an uncursed ring of see invisible
 t - an amulet of rage (around neck)
 z - an uncursed ring of protection from magic
 C - an uncursed ring of ice
 H - an uncursed ring of magical power
 L - a ring of positive energy (right hand)
Wands
 a - a wand of enslavement (17/24)
 e - a wand of flame (19/48)
 h - a wand of paralysis (8/24)
 u - a wand of polymorph (9/24)
 x - a wand of acid (5/15)
 A - a wand of heal wounds (0/9)
 G - a wand of lightning (7/15)
 J - a wand of flame (33/48)
 M - a wand of polymorph (10/24)
 P - a wand of lightning (5/15)
Scrolls
 v - 4 scrolls of remove curse
 y - 2 scrolls of identify
 D - 2 scrolls of magic mapping
 E - 3 scrolls of fog
 I - a scroll of blinking
Potions
 j - a potion of haste {unknown}
 k - 2 potions of flight
 l - 4 potions of lignification
 o - a potion of might
 p - 2 potions of curing
 s - 2 potions of brilliance
Books
 r - an Akashic Record

   Spells                             Type                      Level
   a - Dispersal                      Translocation                6
   b - Malign Gateway                 Summoning/Translocation      7
   c - Disjunction                    Translocation                8
   d - Controlled Blink               Translocation                8
 B - a book of Spatial Translocations

   Spells                             Type                      Level
   a - Apportation                    Translocation                1
   b - Blink                          Translocation                2
   c - Shroud of Golubria             Charms/Translocation         2
   d - Portal Projectile              Translocation                3
   e - Teleport Other                 Translocation                3
   f - Passage of Golubria            Translocation                4
 R - a book of the Sky

   Spells                             Type                      Level
   a - Summon Lightning Spire         Summoning/Air                4
   b - Airstrike                      Air                          4
   c - Silence                        Hexes/Air                    5
   d - Deflect Missiles               Charms/Air                   6
   e - Conjure Ball Lightning         Conjuration/Air              6
   f - Tornado                        Air                          9
Comestibles
 c - 10 bread rations
 f - 6 fruits
 g - 5 meat rations
 K - a slice of pizza


   Skills:
 + Level 7.0 Fighting
 + Level 7.2 Axes
 * Level 11.9 Armour
 + Level 3.9 Dodging
 + Level 2.0 Stealth
 + Level 3.2 Invocations
 + Level 1.6 Evocations


You had 10 spell levels left.
You didn't know any spells.

Dungeon Overview and Level Annotations

Branches:
Dungeon (10/15)            Temple (0/1) D:4            Lair (0/8) D:8
    Orc: D:9-12

Altars:
Cheibriados
Fedhas
Gozag
Kikubaaqudgha
Makhleb
Pakellas
Qazlal
Sif Muna
Vehumet
The Shining One

Shops:
D:4 }


Innate Abilities, Weirdness & Mutations

You have a pair of small antennae on your head.
You have sharp fingernails.
You have hoof-like feet.
You are completely covered in sharp spines.
You are immune to rotting.
You passively map a small area around you.
You are robust (+10% HP).
You are covered in fur (AC +1).
You evolve.
Your movements are slightly less encumbered by armour (ER -2).


Message History

The white ugly thing kicks you! The white ugly thing freezes you!!
The jelly jiggles.
Unknown command.
Press: ? - help, Shift-Dir - straight line, f - white ugly thing
Aim: a white ugly thing (summoned, chance to defeat MR: 67%)
The white ugly thing struggles to resist.
You feel quite a bit more hungry. The white ugly thing barely misses you.
A red film seems to cover your vision as you go berserk!
You feel yourself moving faster!
You feel mighty! The white ugly thing kicks you!
The white ugly thing freezes you!!
* * * LOW HITPOINT WARNING * * *
Your plate armour prevents you from hitting the white ugly thing.
A boggart appears from thin air!
Reactivating autopickup.
The boggart casts a spell.
The white ugly thing is struck by your spines.
The white ugly thing kicks you!
* * * LOW HITPOINT WARNING * * *
The white ugly thing freezes you!!
You die...

############******
#..........#,,..*,
#...#......#,,..#*
#..##.....###,...#
#.##...§.##.##....
#@#}....##§..##...
#u#...§##.....##..
#Z#....#.§§....#..
#.##§§.§§..#...#..
#sg##§§§.§##..(#..
#cJ.##§§.##....#..
#O..c##§##....###.
#.....###....##.##
#.....}#....##.§§#


You could see a white ugly thing, an ogre, a centaur, a boggart, a scorpion, a
jelly and a giant frog zombie.

Vanquished Creatures
  Pikel (D:6)
  3 wizards (D:10)
  A centaur zombie (D:9)
  Joseph (D:7)
  A komodo dragon (D:8)
  A two-headed ogre (D:8)
  8 yaks (D:10)
  A vampire (D:10)
  3 hippogriffs (D:9)
  Edmund (D:4)
  2 water moccasins
  2 orc warriors (D:7)
  2 necrophages
  6 sky beasts
  A slave (D:6)
  4 boggarts (D:10)
  2 ogres
  4 centaurs
  A crocodile (D:9)
  A big kobold (D:10)
  5 giant frogs
  A wyvern zombie (D:9)
  A scorpion (D:7)
  A howler monkey (D:10)
  9 wights
  2 crimson imps
  2 jellies
  3 orc priests
  4 hounds
  10 orc wizards
  An iguana (D:8)
  2 worker ants
  A killer bee zombie (D:9)
  2 hound zombies (D:8)
  2 howler monkey skeletons
  12 adders
  A shadow imp (D:10)
  3 adder skeletons
  2 dart slugs
  6 giant geckos
  26 orcs
  A ball python (D:1)
  5 bats
  11 giant cockroaches
  9 hobgoblins
  14 jackals
  2 quokkas
  5 giant newts
  8 goblins
  A jackal skeleton (D:5)
  13 kobolds
  A quokka zombie (D:7)
  12 rats
224 creatures vanquished.

Vanquished Creatures (others)
  2 slaves (D:7)
  An orc wizard (D:9)
  3 orcs (D:7)
  A quokka (D:7)
  3 plants (D:8)
10 creatures vanquished.

Grand Total: 234 creatures vanquished

Notes
Turn   | Place    | Note
--------------------------------------------------------------
     0 | Abyss:1  | Gargoyl the Demonspawn Abyssal Knight began the quest for the Orb.
     0 | Abyss:1  | Reached XP level 1. HP: 18/18 MP: 2/2
    45 | Abyss:1  | Noticed an orange demon
    49 | Abyss:2  | Found a corrupted altar of Lugonu.
    51 | Abyss:2  | Noticed an Executioner
    88 | Abyss:2  | Noticed a small abomination
   126 | Abyss:2  | Noticed a fire bat
   126 | Abyss:2  | Noticed a fire bat
   127 | D:1      | Escaped the Abyss
   144 | D:1      | Reached skill level 1 in Dodging
   252 | D:1      | Reached skill level 2 in Armour
   262 | D:1      | Gained mutation: You are partially covered in sharp spines. [demonic ancestry]
   262 | D:1      | Reached XP level 2. HP: 21/24 MP: 3/3
   262 | D:1      | Reached * piety under Lugonu
   665 | D:2      | Gained mutation: You have large cloven feet. [demonic ancestry]
   665 | D:2      | Reached XP level 3. HP: 27/29 MP: 5/5
   873 | D:2      | Reached ** piety under Lugonu
  1308 | D:2      | Gained mutation: You have sharp fingernails. [demonic ancestry]
  1308 | D:2      | Reached XP level 4. HP: 35/35 MP: 6/6
  1693 | D:3      | Found a blossoming altar of Fedhas.
  1818 | D:3      | Found an oddly glowing altar of Pakellas.
  2327 | D:4      | Reached skill level 1 in Stealth
  2327 | D:4      | Reached XP level 5. HP: 40/41 MP: 7/7
  2344 | D:4      | Reached *** piety under Lugonu
  2409 | D:4      | Found a staircase to the Ecumenical Temple.
  2458 | D:4      | Found Hoomnol's Gadget Shoppe.
  2532 | D:4      | Noticed Edmund
  2547 | D:4      | Killed Edmund
  2547 | D:4      | Reached skill level 3 in Armour
  2547 | D:4      | Gained mutation: You have hoof-like feet. [demonic ancestry]
  2547 | D:4      | Reached XP level 6. HP: 39/48 MP: 8/8
  2724 | D:5      | Entered Level 5 of the Dungeon
  2757 | D:5      | Found a glowing golden altar of the Shining One.
  2757 | D:5      | Found a stormy altar of Qazlal.
  3477 | D:5      | Found a burning altar of Makhleb.
  3760 | D:6      | Noticed a water moccasin
  3772 | D:6      | Killed a water moccasin
  3772 | D:6      | Reached skill level 4 in Armour
  4010 | D:6      | Reached XP level 7. HP: 37/54 MP: 9/9
  4137 | D:6      | Reached skill level 5 in Armour
  4694 | D:7      | Reached skill level 6 in Armour
  4756 | D:7      | Noticed Pikel
  4756 | D:7      | Found an opulent altar of Gozag.
  4786 | D:6      | Killed Pikel
  4786 | D:6      | Reached skill level 7 in Armour
  4786 | D:6      | Gained mutation: You have a pair of small antennae on your head. [demonic ancestry]
  4786 | D:6      | Reached XP level 8. HP: 34/61 MP: 10/10
  4936 | D:7      | Reached **** piety under Lugonu
  5200 | D:7      | Found an ancient bone altar of Kikubaaqudgha.
  5302 | D:7      | Reached skill level 8 in Armour
  5413 | D:7      | Noticed Joseph
  5438 | D:7      | Killed Joseph
  5438 | D:7      | Reached skill level 5 in Fighting
  5438 | D:7      | Gained mutation: You are mostly covered in sharp spines. [demonic ancestry]
  5438 | D:7      | Reached XP level 9. HP: 29/68 MP: 11/11
  5722 | D:8      | Gained mutation: Your movements are slightly less encumbered by armour (ER -2). [mutagenic meat]
  5760 | D:8      | Found a radiant altar of Vehumet.
  5769 | D:8      | Reached skill level 9 in Armour
  5901 | D:8      | Found a snail-covered altar of Cheibriados.
  5974 | D:8      | Reached skill level 5 in Axes
  6028 | D:8      | Found a staircase to the Lair.
  6028 | D:8      | Noticed a komodo dragon
  6066 | D:8      | Killed a komodo dragon
  6209 | D:8      | Gained mutation: You evolve. [mutagenic meat]
  6211 | D:8      | Gained mutation: You passively map a small area around you. [mutagenic meat]
  6212 | D:8      | Gained mutation: You are agile. (Dex +2) [mutagenic meat]
  6213 | D:8      | Lost mutation: You are agile. (Dex +2) [mutagenic meat]
  6214 | D:8      | Gained mutation: Your magical capacity is low (-10% MP). [mutagenic meat]
  6267 | D:8      | Reached skill level 10 in Armour
  6644 | D:9      | Gained mutation: You are immune to rotting. [demonic ancestry]
  6644 | D:9      | Reached XP level 10. HP: 76/76 MP: 10/10
  6712 | D:9      | Found a deep blue altar of Sif Muna.
  7015 | D:9      | Reached ***** piety under Lugonu
  7444 | D:9      | Gained mutation: You are robust (+10% HP). [mutagenic meat]
  7445 | D:9      | Gained mutation: You are covered in fur (AC +1). [mutagenic meat]
  7724 | D:10     | Entered Level 10 of the Dungeon
  7813 | D:10     | Reached skill level 11 in Armour
  8175 | D:10     | Noticed a wizard
  8258 | D:10     | Killed a wizard
  8258 | D:10     | Reached skill level 1 in Evocations
  8551 | D:10     | Noticed a wizard
  8560 | D:10     | Killed a wizard
  8560 | D:10     | Gained mutation: You are completely covered in sharp spines. [demonic ancestry]
  8560 | D:10     | Reached XP level 11. HP: 40/91 MP: 12/12
  8609 | D:10     | Noticed a wizard
  8613 | D:10     | Killed a wizard
  8653 | D:10     | Lost mutation: Your magical capacity is low (-10% MP). [evolution]
  8834 | D:10     | Noticed a white ugly thing
  8849 | D:10     | Slain by a white ugly thing

Skill      XL: |  1  2  3  4  5  6  7  8  9 10 11 |
---------------+----------------------------------+-----
Dodging        | 1 2 3 |  3.9
Armour         | 2 3 4 7 8 10 11 | 11.9
Axes           | 2 3 4 5 7 |  7.2
Stealth        | 1 2 |  2.0
Fighting       | 4 5 6 7 |  7.0
Evocations     | 1 |  1.6
Invocations    | 3 |  3.2

Action                   |  1- 3 |  4- 6 |  7- 9 | 10-12 || total
-------------------------+-------+-------+-------+-------++-------
Melee: Hand axe          |    62 |   102 |   220 |    40 ||   424
       War axe           |       |       |       |   115 ||   115
       Spear             |       |       |       |     6 ||     6
Throw: Tomahawk          |       |       |     4 |       ||     4
Invok: Depart the Abyss  |     1 |       |       |       ||     1
       Banish            |       |       |       |     2 ||     2
 Abil: Evoke Berserk Rag |       |       |       |     3 ||     3
Evoke: Wand              |       |       |     1 |     2 ||     3
  Use: Scroll            |       |    15 |     4 |    12 ||    31
       Potion            |       |       |    11 |       ||    11
  Eat: Chunk             |     1 |     9 |    15 |    11 ||    36
       Pizza             |       |       |       |     1 ||     1
Armor: Leather armour    |    27 |       |       |       ||    27
       Plate armour      |     7 |    67 |   177 |   124 ||   375
Dodge: Dodged            |    33 |    27 |    77 |    82 ||   219
